 Dungeon Crawl Stone Soup version 0.26.1 (webtiles) character file.

Game seed: 8052429189507119143

12 Marvel the Conjurer (level 2, -3/13 HPs)
             Began as a Spriggan Conjurer on Feb 7, 2021.
             Killed by nerve-wracking pain
             ... invoked by Jessica
              (14 damage)
             ... on level 2 of the Dungeon.
             The game lasted 00:01:15 (958 turns).

Marvel the Conjurer (Spriggan Conjurer)              Turns: 958, Time: 00:01:16

Health: -3/13      AC:  2    Str:  3    XL:     2   Next: 20%
Magic:  0/6        EV: 18    Int: 19    God:
Gold:   69         SH:  0    Dex: 14    Spells: 5/6 levels left

rFire    . . .     SeeInvis +   (weapon restricted)
rCold    . . .     Faith    .   (shield restricted)
rNeg     . . .     Spirit   .   a - +0 robe
rPois    .         Reflect  .   (helmet restricted)
rElec    .         Harm     .   (no cloak)
rCorr    .         Rampage  .   (gloves unavailable)
Will     .....                  (boots unavailable)
Stlth    ++........             (no amulet)
HPRegen  0.04/turn              (no ring)
MPRegen  0.10/turn              (no ring)

@: very quick
A: very small, unfitting armour, see invisible, speed 3
a: no special abilities


You were on level 2 of the Dungeon.
You visited 1 branch of the dungeon, and saw 2 of its levels.

You collected 69 gold pieces.

Inventory:

Armour
 a - a +0 robe (worn)
Jewellery
 h - an uncursed amulet of faith {unknown}
Scrolls
 d - 3 scrolls of identify {unknown}
 e - a scroll of enchant weapon {unknown}
 f - a scroll of amnesia {unknown}
 g - a scroll of teleportation {unknown}
Potions
 b - 2 potions of brilliance {unknown}
 c - 3 potions of curing {unknown}


   Skills:
 + Level 3.1 Dodging
 + Level 3.0 Stealth
 + Level 2.8 Spellcasting
 + Level 3.3 Conjurations


You had 5 spell levels left.
You knew the following spells:

 Your Spells              Type           Power        Failure   Level
a - Magic Dart            Conj           60%          4%          1

Your spell library contained the following spells:

 Spells                   Type           Power        Failure   Level
 Searing Ray              Conj           30%          6%          2
 Dazzling Flash           Conj/Hex       18%          24%         3
 Fulminant Prism          Conj/Hex       4%           61%         4
 Iskenderun's Mystic Bla  Conj/Tloc      9%           61%         4


Dungeon Overview and Level Annotations

Branches:
Dungeon (2/15)

Altars:

Annotations:
D:2 Jessica


Innate Abilities, Weirdness & Mutations

You are very small and have problems with some larger weapons.
You are too small for most types of armour.
You have supernaturally acute eyesight. (SInv)
You cover ground extremely quickly.


Message History

Jessica hits you with a +0 dagger.
Casting: Magic Dart (safe; 4% risk of failure)
Confirm with . or Enter, or press ? or * to list all spells.
Aiming: Magic Dart (safe; 4% risk of failure)
Press: ? - help, Shift-Dir - straight line, f/p - Jessica
Aim: Jessica, wielding a +0 dagger and wearing a +0 robe (moderately wounded, 0% to evade)
The magic dart hits Jessica.
Jessica is almost dead.
Jessica closely misses you.
Casting: Magic Dart (safe; 4% risk of failure)
Confirm with . or Enter, or press ? or * to list all spells.
Aiming: Magic Dart (safe; 4% risk of failure)
Press: ? - help, Shift-Dir - straight line, f/p - Jessica
Aim: Jessica, wielding a +0 dagger and wearing a +0 robe (almost dead, 0% to evade)
The magic dart hits Jessica.
Jessica is almost dead.
Jessica gestures at you while chanting. Pain shoots through your body!
Ouch! That really hurt!
You die...

.. .>. ....
######....
#.........
######.........
#.......@......
#......@##
.........#
#...####.#
#...# #.# #...#
#.# #...# #.#
#####...## #.#
#........###.#
#<...........#


You could see Jessica.

Vanquished Creatures
  2 bats
  4 goblins
  2 hobgoblins (D:1)
  2 frilled lizards (D:1)
  A rat (D:1)
11 creatures vanquished.

Notes
Turn   | Place    | Note
-------+----------+-------------------------------------------
     0 | D:1      | Marvel the Spriggan Conjurer began the quest for the Orb.
     0 | D:1      | Reached XP level 1. HP: 9/9 MP: 5/5
   613 | D:1      | Reached XP level 2. HP: 13/13 MP: 3/6
   952 | D:2      | Noticed Jessica
   958 | D:2      | Killed from afar by Jessica

Illustrated notes

Levels and vault maps discovered:
D:1:      minmay_arrival_plants_in_alcoves, layout_basic,
          hangedman_abyss_or_decor_stabs
D:2:      layout_basic, minmay_pentomino_r2, uniq_sigmund, uniq_robin,
          uniq_jessica

Skill      XL: |  1 |
---------------+----+-----
Conjurations   | 3 |  3.3
Dodging        | |  3.1
Stealth        | |  3.0
Spellcasting   | |  2.8

Action                   || total
-------------------------++-------
 Cast: Magic Dart        ||    23
Dodge: Dodged            ||     3
